[Event "Titled Tuesday Blitz November 22 Early 2022"]
[White "Principe, Gerson"]
[Black "Petrova, Irina"]
[WhiteFideId "3804550"]
[BlackFideId "14124122"]
[WhiteElo "2280"]
[BlackElo "2023"]
[Result "1-0"]
[Round "02"]
[TimeControl "180+1"]
[Date "2022.11.23"]
[WhiteClock "0:01:13"]
[BlackClock "0:00:26"]

1. Nf3 d6 2. d4 g6 3. e3 Bg7 4. Be2 Nf6 5. O-O O-O 6. c4 Nc6 7. Nc3 e5 8. d5 Ne7 9. b4 a5 10. Ba3 axb4 11. Bxb4 b6 12. a4 Nd7 13. a5 bxa5 14. Bxa5 f5 15. Nb5 Nb6 16. Bxb6 Rxa1 17. Qxa1 cxb6 18. Qa3 Rf6 19. Rb1 Bf8 20. Qa7 Bd7 21. Nc7 Nc8 22. Qb8 Be7 23. Ng5 e4 24. Nge6 Bxe6 25. Nxe6 Qd7 26. Rxb6 Kf7 27. Rb7 Qe8 28. Rc7 h6 29. Rxc8 Qa4 30. Rf8+ Bxf8 31. Qxf8# 1-0


[Site "https://www.chess.com"]

[Event "Titled Tuesday Blitz November 22 Early 2022"]
[White "Pultinevicius, Paulius"]
[Black "Pajeken, Jakob Leon"]
[WhiteFideId "12809390"]
[BlackFideId "12942839"]
[WhiteElo "2493"]
[BlackElo "2429"]
[Result "1-0"]
[Round "02"]
[TimeControl "180+1"]
[Date "2022.11.22"]
[WhiteClock "0:00:13"]
[BlackClock "0:00:09"]

1. b3 d5 2. Bb2 Bg4 3. Nf3 Nd7 4. g3 c6 5. Bg2 e6 6. h3 Bh5 7. O-O h6 8. c4 Ngf6 9. d3 Qc7 10. a3 a5 11. Nbd2 Bd6 12. e3 O-O 13. Qe2 Rfe8 14. Kh1 Rac8 15. g4 Bg6 16. Nh4 Bh7 17. f4 e5 18. f5 Qb8 19. e4 d4 20. Ndf3 Be7 21. Bc1 b5 22. Bd2 Nc5 23. Rab1 Nb7 24. Ne1 Nd7 25. Nhf3 Bxa3 26. h4 f6 27. g5 hxg5 28. hxg5 Kf8 29. Bh3 Ke7 30. Kg2 Kd8 31. Ra1 Bb4 32. Bxb4 axb4 33. Nc2 bxc4 34. bxc4 c5 35. Rfb1 Qd6 36. Bg4 Kc7 37. Bh5 Rf8 38. g6 Bg8 39. Nd2 Ra8 40. Nb3 Nb6 41. Rh1 Rxa1 42. Ncxa1 Ra8 43. Qd2 Na4 44. Bd1 Nc3 45. Bc2 Na5 46. Rh8 Nxb3 47. Nxb3 Qe7 48. Kf3 Bd5 49. Rh7 Bc6 50. Qh6 Rg8 51. Nxc5 Qxc5 52. Rxg7+ Rxg7 53. Qxg7+ Kb6 54. Qxf6 b3 55. Qd8+ Ka7 56. Qc7+ Ka6 57. Bxb3 Qa3 58. Qxc6+ Ka7 59. Kg4 Qc1 60. c5 Qf4+ 61. Kh5 Qh2+ 62. Kg5 Qf4+ 63. Kf6 Qh4+ 64. Kf7 Qh6 65. Qc7+ Ka6 66. Bc4+ Nb5 67. Qb6# 1-0


[Site "https://www.chess.com"]

[Event "Titled Tuesday Blitz November 22 Early 2022"]
[White "Rangel, Daniel"]
[Black "Lauridsen, Jesper Morch"]
[WhiteFideId "2124475"]
[BlackFideId "1401890"]
[WhiteElo "2225"]
[BlackElo "2252"]
[Result "1-0"]
[Round "02"]
[TimeControl "180+1"]
[Date "2022.11.23"]
[WhiteClock "0:00:04"]
[BlackClock "0:00:01"]

1. d4 d5 2. c4 e6 3. Nc3 Be7 4. cxd5 exd5 5. Bf4 Nf6 6. e3 O-O 7. Bd3 c5 8. Nge2 Nc6 9. O-O Bg4 10. h3 Be6 11. a3 Rc8 12. dxc5 Bxc5 13. b4 Bb6 14. Na4 Ne4 15. Nxb6 Qxb6 16. Qb1 Nd2 17. Bxh7+ Kh8 18. Qd3 Nxf1 19. Rxf1 g6 20. Bxg6 fxg6 21. Qxg6 Bf5 22. Qh6+ Bh7 23. Nd4 Rxf4 24. Qxf4 Nxd4 25. exd4 Qe6 26. Rc1 Rg8 27. Rc7 b6 28. Rxa7 Rc8 29. Kh2 Rg8 30. Rb7 Re8 31. Rb8 Rxb8 32. Qxb8+ Kg7 33. Qf4 Bg6 34. a4 Kh7 35. a5 bxa5 36. bxa5 Be4 37. f3 Bg6 38. h4 Qe7 39. Kg3 Qd8 40. a6 Qb6 41. Qe5 Qxa6 42. Qxd5 Qf6 43. Qe5 Qf7 44. Kf2 Bh5 45. Ke3 Bg6 46. g4 Qb3+ 47. Kf4 Qc2 48. h5 Qd2+ 49. Kg3 Bf7 50. Qf4 Qa2 51. Qf5+ Kg8 52. Qe5 Qb3 53. Qg5+ Kf8 54. h6 Qb8+ 55. Kg2 Qb7 56. Qg7+ Ke8 57. h7 1-0


[Site "https://www.chess.com"]

[Event "Titled Tuesday Blitz November 22 Early 2022"]
[White "Rios Escobar, Adan"]
[Black "Derjabin, Ilja"]
[WhiteFideId "3403645"]
[BlackFideId "14104768"]
[WhiteElo "2351"]
[BlackElo "2312"]
[Result "0-1"]
[Round "02"]
[TimeControl "180+1"]
[Date "2022.11.23"]
[WhiteClock "0:00:01"]
[BlackClock "0:01:39"]

1. d4 Nf6 2. g3 c5 3. d5 e5 4. Nc3 d6 5. e4 a6 6. a4 h5 7. h3 g6 8. Nf3 Bh6 9. Nd2 Nbd7 10. a5 h4 11. g4 Bf4 12. Bg2 g5 13. Nc4 Qe7 14. Be3 Nf8 15. Na4 Bd7 16. Nab6 Rb8 17. Qd3 Bb5 18. Qa3 N8d7 19. O-O Nxb6 20. Nxb6 Bxf1 21. Bxf1 O-O 22. c4 Nxe4 23. Bd3 f5 24. gxf5 Nf6 25. Re1 Kh8 26. f3 Nh5 27. Qc3 Bxe3+ 28. Rxe3 Nf4 0-1


[Site "https://www.chess.com"]

[Event "Titled Tuesday Blitz November 22 Early 2022"]
[White "Ronka, Erik"]
[Black "Simonovic, Miroslav"]
[WhiteFideId "505080"]
[BlackFideId "919152"]
[WhiteElo "2264"]
[BlackElo "2043"]
[Result "1-0"]
[Round "02"]
[TimeControl "180+1"]
[Date "2022.11.23"]
[WhiteClock "0:00:30"]
[BlackClock "0:00:02"]

1. d4 Nf6 2. Bf4 c5 3. c3 b6 4. Nf3 Bb7 5. e3 g6 6. Bd3 Bg7 7. O-O O-O 8. Qe2 d6 9. e4 Nbd7 10. d5 h6 11. c4 Ng4 12. Nc3 Nge5 13. Nxe5 Nxe5 14. Bg3 Qd7 15. f4 Nxd3 16. Qxd3 Rad8 17. Rad1 Bd4+ 18. Bf2 Bxf2+ 19. Rxf2 e6 20. f5 exf5 21. exf5 Kh7 22. Rdf1 Qe7 23. Ne4 Bc8 24. g4 Kg8 25. Ng3 Qg5 26. h3 Rde8 27. Rf3 h5 28. Ne4 Qh4 29. Nxd6 hxg4 30. hxg4 Qxg4+ 31. Rg3 Qd4+ 32. Qxd4 cxd4 33. Nxe8 Rxe8 34. fxg6 f5 35. Rd3 Re4 36. Rfd1 Kg7 37. Rxd4 Kxg6 38. Rxe4 fxe4 39. Kf2 Kf5 40. Ke3 Ke5 41. Rh1 Bg4 42. Rh4 Bf5 43. b4 a5 44. a3 axb4 45. axb4 Bg6 46. Rh6 Bf5 47. Rxb6 1-0


[Site "https://www.chess.com"]

[Event "Titled Tuesday Blitz November 22 Early 2022"]
[White "Roque Sola, Gisela"]
[Black "Gubanov, Oleg"]
[WhiteFideId "5120241"]
[BlackFideId "14115115"]
[WhiteElo "1961"]
[BlackElo "2158"]
[Result "0-1"]
[Round "02"]
[TimeControl "180+1"]
[Date "2022.11.23"]
[WhiteClock "0:01:21"]
[BlackClock "0:01:37"]

1. c4 Nf6 2. Nc3 e6 3. e4 d5 4. e5 Ne4 5. cxd5 Nxc3 6. bxc3 exd5 7. d4 c5 8. Bd3 Nc6 9. Ne2 Bg4 10. f3 Bh5 11. O-O Bg6 12. Ba3 Bxd3 13. Qxd3 c4 14. Qf5 Bxa3 15. e6 fxe6 16. Qxe6+ Be7 17. Nf4 Qd7 18. Rae1 Qxe6 19. Rxe6 O-O-O 20. Rfe1 Bg5 0-1


[Site "https://www.chess.com"]

[Event "Titled Tuesday Blitz November 22 Early 2022"]
[White "Rose, Felix"]
[Black "Ozates, Tuna"]
[WhiteFideId "5105722"]
[BlackFideId "6354521"]
[WhiteElo "2039"]
[BlackElo "2151"]
[Result "1-0"]
[Round "02"]
[TimeControl "180+1"]
[Date "2022.11.23"]
[WhiteClock "0:00:17"]
[BlackClock "0:00:57"]

1. e4 c5 2. Nf3 Nc6 3. d4 cxd4 4. Nxd4 g6 5. c4 Bg7 6. Be3 Nf6 7. Nc3 d6 8. Be2 O-O 9. f3 Bd7 10. Qd2 Rc8 11. Rc1 Qa5 12. b3 a6 13. O-O Nxd4 14. Bxd4 b5 15. Rfd1 bxc4 16. Bxc4 e6 17. Be3 d5 18. Nxd5 Qxd2 19. Nxf6+ Bxf6 20. Rxd2 Bb5 21. Rdc2 Bxc4 22. Rxc4 Rxc4 23. Rxc4 Rd8 24. Kf2 Rd1 25. Ra4 Bh4+ 26. g3 Bf6 27. Rxa6 Rb1 28. f4 Rb2+ 29. Kf3 Rxh2 30. e5 Be7 31. Ra7 Bb4 32. Rb7 Be1 33. a4 h5 34. b4 Ra2 35. a5 Rb2 36. Bc5 Rb3+ 37. Ke2 Bxg3 38. a6 Kg7 39. a7 Ra3 40. Rb8 h4 41. b5 Ra2+ 42. Kf3 h3 43. a8=Q Rxa8 44. Rxa8 h2 45. Bf8+ Kh7 46. Ra1 1-0


[Site "https://www.chess.com"]

[Event "Titled Tuesday Blitz November 22 Early 2022"]
[White "Rottenwohrer Suarez, Juan"]
[Black "Rakhmanov, Aleksandr"]
[WhiteFideId "32068182"]
[BlackFideId "4173708"]
[WhiteElo "2195"]
[BlackElo "2530"]
[Result "0-1"]
[Round "02"]
[TimeControl "180+1"]
[Date "2022.11.23"]
[WhiteClock "0:00:13"]
[BlackClock "0:00:12"]

1. d4 Nf6 2. c4 d6 3. Nf3 g6 4. Bf4 Bg7 5. e3 O-O 6. Be2 Nc6 7. h3 e5 8. dxe5 dxe5 9. Qxd8 Rxd8 10. Nxe5 Ne4 11. Nd3 Rxd3 12. Bxd3 Nc5 13. Ke2 Nb4 14. Nc3 Nbxd3 15. Bxc7 Bxc3 16. bxc3 Be6 17. f3 Bxc4 18. e4 Rc8 19. Bh2 Nf4+ 20. Kf2 Ncd3+ 21. Kg3 Ne2+ 22. Kg4 Be6+ 23. Kg5 Kg7 0-1


[Site "https://www.chess.com"]

[Event "Titled Tuesday Blitz November 22 Early 2022"]
[White "Sailer, Mike"]
[Black "Osmak, Yuliia"]
[WhiteFideId "2012901"]
[BlackFideId "14101602"]
[WhiteElo "2109"]
[BlackElo "2328"]
[Result "0-1"]
[Round "02"]
[TimeControl "180+1"]
[Date "2022.11.23"]
[WhiteClock "0:00:02"]
[BlackClock "0:00:52"]

1. Nf3 d5 2. c4 d4 3. b4 f6 4. e3 e5 5. c5 a5 6. Qa4+ Nc6 7. a3 Bd7 8. b5 Nce7 9. exd4 e4 10. Ng1 f5 11. Bc4 Nf6 12. Ne2 Ned5 13. Nbc3 c6 14. Nxd5 cxd5 15. Ba2 Qc7 16. Rb1 Be7 17. Qc2 O-O 18. a4 Kh8 19. d3 Nh5 20. g3 Be6 21. Bf4 Nxf4 22. Nxf4 Qd7 23. dxe4 fxe4 24. O-O Rxf4 25. gxf4 Bh3 26. Qc3 Rf8 27. Bxd5 Rxf4 28. f3 Qxd5 29. fxe4 Qg5+ 30. Qg3 Rg4 31. Rf3 Qd2 0-1


[Site "https://www.chess.com"]

[Event "Titled Tuesday Blitz November 22 Early 2022"]
[White "Salman, Pavel"]
[Black "Munkhgal, Gombosuren"]
[WhiteFideId "24153753"]
[BlackFideId "4901266"]
[WhiteElo "2187"]
[BlackElo "2576"]
[Result "0-1"]
[Round "02"]
[TimeControl "180+1"]
[Date "2022.11.23"]
[WhiteClock "0:00:06"]
[BlackClock "0:01:25"]

1. Nf3 Nf6 2. g3 g6 3. Bg2 Bg7 4. O-O O-O 5. d4 d6 6. c4 Nc6 7. Nc3 e5 8. dxe5 Nxe5 9. Nxe5 dxe5 10. Be3 c6 11. Bc5 Re8 12. Qxd8 Rxd8 13. Rad1 Be6 14. b3 Bf8 15. Rxd8 Rxd8 16. Bxa7 Bb4 17. Na4 Rd2 18. Bc5 Bxc5 19. Nxc5 Bc8 20. a4 Kf8 21. e3 Ke7 22. Rb1 Kd6 23. b4 Kc7 24. a5 Rc2 25. Bf1 Ng4 26. Nd3 e4 27. h3 exd3 28. hxg4 d2 29. Rd1 Bxg4 0-1


[Site "https://www.chess.com"]

[Event "Titled Tuesday Blitz November 22 Early 2022"]
[White "Samaganova, Aleksandra"]
[Black "Reprintsev, Alexander"]
[WhiteFideId "13800221"]
[BlackFideId "14100541"]
[WhiteElo "1864"]
[BlackElo "2230"]
[Result "1-0"]
[Round "02"]
[TimeControl "180+1"]
[Date "2022.11.23"]
[WhiteClock "0:00:14"]
[BlackClock "0:00:14"]

1. c4 e5 2. Nc3 Nc6 3. g3 Nf6 4. Bg2 Bc5 5. e3 d5 6. cxd5 Nb4 7. d3 c6 8. a3 Nbxd5 9. Nge2 O-O 10. O-O Bg4 11. h3 Bh5 12. g4 Bg6 13. Ne4 Bb6 14. N2c3 Re8 15. Qc2 Rc8 16. Nxf6+ Nxf6 17. Ne4 Nxe4 18. dxe4 f6 19. Rd1 Qe7 20. Bd2 Bf7 21. Bc3 Qe6 22. Bf3 Red8 23. Rxd8+ Rxd8 24. Rd1 Qb3 25. Rxd8+ Bxd8 26. Qd2 Qb6 27. Kg2 Qc7 28. Be2 Be7 29. f4 Qd6 30. Kf3 Qxd2 31. Bxd2 Bd6 32. Bc3 Kf8 33. h4 Ke7 34. g5 h6 35. Kg4 b6 36. f5 a5 37. Ba6 Bc5 38. Bd2 Be8 39. b4 axb4 40. axb4 Bd6 41. Bc4 c5 42. bxc5 Bxc5 43. Bd5 b5 44. Bb3 Bf7 45. Bc2 h5+ 46. Kf3 b4 47. Bb1 b3 48. Ke2 Bc4+ 49. Kd1 Ba3 50. Ba5 Kd7 51. Kd2 Bb2 52. Bc3 Bf1 53. Bxb2 1-0


[Site "https://www.chess.com"]

[Event "Titled Tuesday Blitz November 22 Early 2022"]
[White "Sargissyan, Sargis"]
[Black "Vagman, Roy"]
[WhiteFideId "13303210"]
[BlackFideId "2828995"]
[WhiteElo "2109"]
[BlackElo "2174"]
[Result "0-1"]
[Round "02"]
[TimeControl "180+1"]
[Date "2022.11.23"]
[WhiteClock "0:00:12"]
[BlackClock "0:00:01"]

1. e4 c5 2. Nf3 d6 3. d4 cxd4 4. Nxd4 Nf6 5. Nc3 a6 6. f4 e6 7. Be3 Nbd7 8. Qf3 Be7 9. O-O-O Qc7 10. g4 h6 11. h4 h5 12. g5 Ng4 13. Bh3 Nxe3 14. Qxe3 Nc5 15. f5 Bd7 16. g6 O-O-O 17. gxf7 Bc6 18. fxe6 Kb8 19. Nd5 Bxd5 20. exd5 Bxh4 21. Nf5 Be7 22. Kb1 Rc8 23. Nxg7 Bf6 24. e7 Qb6 25. b3 Qa5 26. Rhf1 Na4 27. Rxf6 Nc3+ 28. Ka1 Qxa2# 0-1


[Site "https://www.chess.com"]

[Event "Titled Tuesday Blitz November 22 Early 2022"]
[White "Sharifov, Mekhriddin"]
[Black "Drygalov, Sergey"]
[WhiteFideId "14701545"]
[BlackFideId "24171743"]
[WhiteElo "2109"]
[BlackElo "2528"]
[Result "0-1"]
[Round "02"]
[TimeControl "180+1"]
[Date "2022.11.22"]
[WhiteClock "0:00:17"]
[BlackClock "0:01:16"]

1. e4 c5 2. Nf3 d6 3. d4 cxd4 4. Nxd4 Nf6 5. Nc3 a6 6. Bg5 Nbd7 7. Bc4 Qa5 8. Qd2 e6 9. O-O-O Be7 10. Kb1 Qc5 11. Bb3 O-O 12. Be3 Qc7 13. f3 b5 14. Bxe6 fxe6 15. Nxe6 Qb7 16. Nxf8 Bxf8 17. g4 Ne5 18. Qe2 Be6 19. g5 Nfd7 20. Nd5 Nc4 21. Bd4 Rc8 22. Rhg1 Nc5 23. g6 h6 24. f4 Na4 25. f5 Bxd5 26. exd5 Qxd5 27. Bxg7 Na3+ 28. bxa3 Bxg7 29. Rxd5 Nc3+ 30. Kc1 Nxe2+ 31. Kd2 Nxg1 32. Rxd6 Rf8 33. Rd5 Nf3+ 34. Kd3 Nd4 35. Ke4 Nxc2 36. Rd7 Nd4 37. Rd5 Re8+ 38. Kd3 Nc6 39. h4 Rd8 40. Ke4 Rxd5 41. Kxd5 Nd4 42. Ke4 Kf8 43. h5 Ke7 44. a4 bxa4 45. a3 a5 46. Kf4 Kf6 47. Ke4 Nxf5 48. Kd5 Ng3 49. Kd4 Nxh5 50. Ke3 Kxg6 51. Kf3 Kf5 52. Kg2 Bf8 53. Kh3 Bxa3 54. Kh4 Nf6 55. Kg3 Bd6+ 56. Kf3 a3 57. Ke2 a2 58. Kf3 a1=Q 59. Kg2 Qc3 60. Kf2 a4 61. Kg2 Ke4 62. Kf2 Qf3+ 63. Ke1 Bb4# 0-1


[Site "https://www.chess.com"]

[Event "Titled Tuesday Blitz November 22 Early 2022"]
[White "Shuvalova, Polina"]
[Black "Farmani Anosheh, Armin"]
[WhiteFideId "24171760"]
[BlackFideId "24613240"]
[WhiteElo "2342"]
[BlackElo "2289"]
[Result "1-0"]
[Round "02"]
[TimeControl "180+1"]
[Date "2022.11.23"]
[WhiteClock "0:00:23"]
[BlackClock "0:00:03"]

1. d4 d5 2. Nf3 Nf6 3. Bf4 e6 4. e3 Bd6 5. Nbd2 O-O 6. Bd3 Bxf4 7. exf4 b6 8. Qe2 a5 9. h4 Ba6 10. Bxa6 Nxa6 11. h5 h6 12. Ne5 c5 13. g4 cxd4 14. g5 hxg5 15. fxg5 Nd7 16. Nxd7 Qxd7 17. O-O-O Nb4 18. a3 d3 19. cxd3 Qc7+ 20. Kb1 Qc2+ 21. Ka1 Nxd3 22. Rb1 Rac8 23. h6 g6 24. Rh3 Nc1 25. Qe5 f6 26. Qxe6+ Kh8 27. Qe7 Qc7 28. gxf6 Qxe7 29. fxe7 Rxf2 30. Re3 Re8 31. Rxc1 Rxd2 32. Rf1 Kg8 33. Rf8+ Rxf8 34. h7+ Kg7 35. exf8=Q+ Kxf8 36. h8=Q+ 1-0


[Site "https://www.chess.com"]

[Event "Titled Tuesday Blitz November 22 Early 2022"]
[White "Skliarov, Viktor"]
[Black "Timofeev, Artyom"]
[WhiteFideId "14106736"]
[BlackFideId "4140419"]
[WhiteElo "2284"]
[BlackElo "2586"]
[Result "1/2-1/2"]
[Round "02"]
[TimeControl "180+1"]
[Date "2022.11.23"]
[WhiteClock "0:00:14"]
[BlackClock "0:00:13"]

1. e4 c5 2. Nf3 Nc6 3. Bb5 d6 4. d4 cxd4 5. Qxd4 Nf6 6. Nc3 Bg4 7. e5 dxe5 8. Qxd8+ Rxd8 9. Nxe5 Bd7 10. Nxd7 Nxd7 11. Be3 a6 12. Be2 e6 13. O-O-O Bc5 14. Bxc5 Nxc5 15. Bf3 Rc8 16. Ne4 Nxe4 17. Bxe4 Ke7 18. Bxc6 Rxc6 19. Rd3 Rd8 20. Rxd8 Kxd8 21. Rd1+ Ke7 22. g3 e5 23. h4 Rf6 24. Rd2 h6 25. Kd1 g5 26. hxg5 hxg5 27. Ke2 Rc6 28. g4 Rc4 29. f3 e4 30. Ke3 exf3 31. Kxf3 Ke6 32. c3 b5 33. Re2+ Kd6 34. Re8 a5 35. Rb8 b4 36. cxb4 axb4 37. b3 Rf4+ 38. Kg3 Rd4 39. Kf3 f6 40. Rd8+ Ke5 41. Re8+ Kd5 42. Rd8+ Kc5 43. Rc8+ Kb6 44. Rb8+ Kc7 45. Rb5 Rf4+ 46. Kg3 Kc6 47. Rb8 Kd5 48. Rb5+ Ke6 49. Rb6+ Kf7 50. Rb7+ Kg6 51. Rb6 Rd4 52. Kf3 Rd3+ 53. Ke2 Rd4 54. Kf3 Kf7 55. Rb7+ Ke6 56. Rb8 Rf4+ 57. Kg3 Kd6 58. Rb5 Kc6 59. Rb8 Kd7 60. Rb5 Kc7 61. Rc5+ Kb6 62. Rc8 Rd4 63. Rb8+ Kc7 64. Rb5 Rd3+ 65. Kf2 Rd2+ 66. Kf3 Rd4 67. Rc5+ Kb6 68. Rf5 Kc6 69. Rxf6+ Kd7 70. Rf5 Rd3+ 71. Ke4 Rd2 72. Rxg5 Rxa2 73. Rb5 Rg2 74. g5 Rg3 75. Kf5 Rf3+ 76. Kg6 Rxb3 77. Kh6 Kc6 78. Rb8 Kc5 79. g6 Rh3+ 80. Kg7 Rg3 81. Kf7 Kc4 82. g7 b3 83. g8=Q Rxg8 84. Kxg8 Kc3 85. Kf7 b2 86. Ke6 Kc2 87. Rxb2+ Kxb2 1/2-1/2


[Site "https://www.chess.com"]

[Event "Titled Tuesday Blitz November 22 Early 2022"]
[White "Stefanova, Antoaneta"]
[Black "Oparin, Grigoriy"]
[WhiteFideId "2902257"]
[BlackFideId "24125890"]
[WhiteElo "2426"]
[BlackElo "2639"]
[Result "0-1"]
[Round "02"]
[TimeControl "180+1"]
[Date "2022.11.22"]
[WhiteClock "0:00:03"]
[BlackClock "0:00:12"]

1. d4 Nf6 2. Bg5 d5 3. Bxf6 gxf6 4. e3 c5 5. Nf3 Nc6 6. dxc5 e6 7. c4 dxc4 8. Qxd8+ Nxd8 9. Bxc4 Bxc5 10. Ke2 a6 11. Rd1 Ke7 12. Nc3 f5 13. Rac1 Ba7 14. g3 Nc6 15. a3 Bd7 16. e4 fxe4 17. Nxe4 Rhd8 18. Nd6 Rab8 19. Kf1 h6 20. Be2 f5 21. Nc4 Kf6 22. Rd6 Be8 23. Rcd1 Rxd6 24. Nxd6 Bg6 25. Nh4 Bh7 26. Bf3 Nd4 27. Bg2 b5 28. Nf3 e5 29. Rc1 Nxf3 30. Bxf3 e4 31. Be2 Bd4 32. Rc6 Rb6 33. Nxe4+ Ke5 34. Rxb6 Bxb6 35. Nc3 f4 36. Ke1 Bd4 37. gxf4+ Kxf4 38. Nd5+ Ke5 39. Nb4 Bxb2 40. Nxa6 Bxa3 41. Bxb5 Bd6 42. Kd2 Kd4 43. h3 Bf5 44. Bf1 h5 45. h4 Bg4 46. Bg2 Be6 47. Bf3 Bf7 48. Ke1 Ke5 49. Kf1 Kf4 50. Kg2 Be8 51. Be2 Bc6+ 52. Kh3 Bd7+ 53. Kg2 Be8 54. Kh3 Ke4 55. Kg2 Kd4 56. Kh3 Kc3 57. Kg2 Kd2 58. Kf1 Bf7 59. Bb5 Be6 60. Kg2 Ke1 61. Be8 Bd5+ 62. f3 Bc4 63. Bxh5 Bxa6 64. Bg4 Bf4 65. h5 Kd2 66. Kh3 Ke3 67. Kh4 Bh6 68. Kg3 Bc4 69. Kh4 Kf4 70. Kh3 Bf1+ 71. Kh2 Bg5 72. Kg1 Bc4 73. Kf2 Bh4+ 74. Kg2 Kg5 75. Kh3 Bf1+ 76. Kh2 Bf2 77. Kh1 Kh4 78. Kh2 Be3 79. Kh1 Kg3 80. h6 Bg2# 0-1


[Site "https://www.chess.com"]

[Event "Titled Tuesday Blitz November 22 Early 2022"]
[White "Storme, Isak"]
[Black "Unat, Can Haktan"]
[WhiteFideId "1728113"]
[BlackFideId "6398073"]
[WhiteElo "2324"]
[BlackElo "2146"]
[Result "0-1"]
[Round "02"]
[TimeControl "180+1"]
[Date "2022.11.23"]
[WhiteClock "0:01:17"]
[BlackClock "0:00:11"]

1. g4 h5 2. g5 e5 3. e4 Qxg5 4. d4 Qh4 5. Nf3 Qxe4+ 6. Be2 d5 7. Nc3 Qg6 8. Nxd5 Bd6 9. dxe5 c6 10. exd6 cxd5 11. Qxd5 Nf6 12. Bb5+ Nbd7 13. Qe5+ Kf8 14. Qe7+ Kg8 15. Rg1 Qe4+ 16. Qxe4 Nxe4 17. Bf4 Ndf6 18. O-O-O Bg4 19. Be2 Nxf2 20. Rd4 Nh3 21. Rgd1 Nxf4 22. Rxf4 Nd7 23. Re4 Rc8 24. Re7 Kf8 25. Rf1 Rh6 26. Nd4 Rf6 27. Rxf6 Nxf6 28. Bxg4 hxg4 29. Rxb7 Rd8 30. Nf5 g6 31. Nh6 Rxd6 32. Rxf7+ Ke8 33. Rxa7 Re6 34. Nf7 Re2 35. Nd6+ Kd8 36. c4 Nd7 37. b4 Rxh2 38. c5 Ne5 39. Ne4 Nd3+ 40. Kd1 Nxb4 41. Rg7 Nxa2 42. Rxg6 Rh4 43. c6 Kc7 44. Nc5 Nc3+ 45. Kc2 Nb5 46. Na6+ Kd8 47. Rg5 Nd6 48. c7+ Kd7 49. Rg7+ Ke6 50. Nc5+ Kd5 51. Nb7 Rh2+ 52. Kc3 Rh8 53. Rd7 Kc6 54. Rxd6+ Kxb7 55. Rd8 Rh3+ 56. Rd3 Kxc7 57. Kd4 Kd6 58. Rd1 Ke6 59. Ke4 Rf3 60. Rg1 Ra3 61. Rh1 Ra4+ 62. Ke3 Kf5 63. Rh5+ Kg6 64. Rb5 Rc4 65. Rb6+ Kg5 66. Rb5+ Kh4 67. Rb8 Kg3 68. Rb3 Rc7 69. Ke2+ Kg2 70. Rb4 g3 71. Rh4 Re7+ 72. Kd2 Kf2 73. Rf4+ Kg1 74. Rf8 g2 75. Rf4 Rh7 76. Ke2 Kh1 77. Rg4 g1=Q 0-1


[Site "https://www.chess.com"]

[Event "Titled Tuesday Blitz November 22 Early 2022"]
[White "Szente Varga, Fruzsina"]
[Black "Lehtosaari, Mauri"]
[WhiteFideId "712264"]
[BlackFideId "501999"]
[WhiteElo "1994"]
[BlackElo "2503"]
[Result "0-1"]
[Round "02"]
[TimeControl "180+1"]
[Date "2022.11.23"]
[WhiteClock "0:00:14"]
[BlackClock "0:00:31"]

1. e4 d5 2. exd5 Qxd5 3. Nc3 Qe5+ 4. Be2 c6 5. Nf3 Qc7 6. d4 Bf5 7. O-O e6 8. Be3 Nf6 9. Qd2 Nbd7 10. Bf4 Bd6 11. Bxd6 Qxd6 12. Bd3 Bg4 13. Be2 O-O 14. h3 Bh5 15. Rad1 Rad8 16. Ng5 Bxe2 17. Qxe2 Qb4 18. Nce4 Qxb2 19. Nd6 h6 20. Ngxf7 Rxf7 21. Qxe6 Rf8 22. Rb1 Qxd4 23. Rxb7 Qd5 24. Qxd5 cxd5 25. Nxf7 Rxf7 26. Rxa7 Rf8 27. a4 Rc8 28. Rc1 Rc4 29. a5 Ra4 30. Rd1 Ra2 31. Rd2 Nc5 32. Re2 Nce4 33. f3 Ng3 34. Ree7 Ra1+ 35. Kf2 Nfh5 36. Red7 Ra2 37. Rxd5 Rxc2+ 38. Ke3 Rxg2 39. Rd8+ Kh7 40. a6 Ra2 41. Raa8 Nf5+ 42. Ke4 Ne7 43. Rh8+ Kg6 44. Rae8 Ra4+ 45. Ke3 Kf7 46. Ra8 Nf6 47. Rhf8+ Ke6 48. a7 Nfd5+ 49. Kd3 Nc7 50. Rab8 Ra3+ 51. Kc2 Rxa7 52. Rb6+ Ke5 53. Kd3 Ncd5 54. Rb5 Ke6 55. Re8 Ra3+ 56. Ke2 Kf7 57. Rc8 Nf4+ 58. Kf2 Ne6 59. Rcb8 Ra2+ 60. Kg3 Ra7 61. R8b6 Ng6 62. Rf5+ Ke7 63. Rb8 Ngf8 64. Re5 Rd7 65. Re4 Kf7 66. Rb6 Re7 67. Rc6 Nd7 68. Ra6 Nf6 69. Re3 g6 70. Rb6 g5 71. Ra6 Nh5+ 72. Kg4 Nf6+ 73. Kg3 Ne8 74. h4 N8g7 75. hxg5 Nf5+ 76. Kf2 Nxe3 77. Kxe3 hxg5 78. Kf2 Kf6 79. Kg3 Rd7 80. Kg4 Rd4+ 81. Kg3 Rd5 82. Kg4 Rb5 83. Kg3 Kf5 84. Ra4 Rd5 85. Ra6 Nf4 86. Ra8 Rd2 87. Rf8+ Kg6 88. Rg8+ Kf6 89. Rf8+ Kg7 0-1


[Site "https://www.chess.com"]

[Event "Titled Tuesday Blitz November 22 Early 2022"]
[White "Szyszylo, Rafal"]
[Black "Zaksaite, Salomeja"]
[WhiteFideId "1109626"]
[BlackFideId "12801496"]
[WhiteElo "1981"]
[BlackElo "2079"]
[Result "0-1"]
[Round "02"]
[TimeControl "180+1"]
[Date "2022.11.23"]
[WhiteClock "0:00:17"]
[BlackClock "0:00:04"]

1. e4 c5 2. Nf3 e6 3. d4 cxd4 4. Nxd4 Nf6 5. Nc3 Nc6 6. a3 Be7 7. Be2 d5 8. exd5 Nxd5 9. Nxd5 Qxd5 10. Nxc6 Qxc6 11. Bf3 Qa6 12. Be2 Qc6 13. O-O O-O 14. c4 Rd8 15. Qc2 e5 16. Be3 Be6 17. Rfc1 a6 18. Bf3 Qc7 19. b4 f5 20. g3 Bf6 21. Rab1 Rac8 22. c5 g5 23. Bd2 e4 24. Be2 Qg7 25. Be1 Bd5 26. Bc4 Kh8 27. Rd1 Bc6 28. Be6 Bd7 29. Rxd7 Rxd7 30. Bxf5 e3 31. fxe3 Re8 32. Bxd7 Qxd7 33. Bc3 Qg7 34. Bxf6 Qxf6 35. Rf1 Qe5 36. Re1 Rd8 37. Re2 g4 38. Kf2 Rf8+ 39. Kg1 Qa1+ 40. Kg2 Qf1# 0-1


[Site "https://www.chess.com"]

[Event "Titled Tuesday Blitz November 22 Early 2022"]
[White "Tang, Andrew"]
[Black "Garcia Ramos, Daniel"]
[WhiteFideId "2059630"]
[BlackFideId "32010311"]
[WhiteElo "2581"]
[BlackElo "2357"]
[Result "1-0"]
[Round "02"]
[TimeControl "180+1"]
[Date "2022.11.22"]
[WhiteClock "0:00:01"]
[BlackClock "0:00:01"]

1. d4 d5 2. Bf4 e6 3. e3 Nf6 4. Nf3 Bd6 5. Nbd2 O-O 6. Bd3 c5 7. c3 b6 8. Ne5 Bb7 9. Qf3 Qc7 10. Qh3 Nbd7 11. Ndf3 h6 12. g4 Ne4 13. g5 hxg5 14. Bxe4 dxe4 15. Nxg5 Nf6 16. Ng4 Rfd8 17. Rg1 Bxf4 18. Nxf6+ Kf8 19. Nxe6+ fxe6 20. Qh8+ Kf7 21. Qxg7# 1-0


[Site "https://www.chess.com"]

[Event "Titled Tuesday Blitz November 22 Early 2022"]
[White "Tologon tegin, Semetei"]
[Black "Muminova, Nafisa"]
[WhiteFideId "13800574"]
[BlackFideId "14201526"]
[WhiteElo "2282"]
[BlackElo "2258"]
[Result "1-0"]
[Round "02"]
[TimeControl "180+1"]
[Date "2022.11.23"]
[WhiteClock "0:00:55"]
[BlackClock "0:00:07"]

1. e4 e6 2. d4 d5 3. e5 c5 4. c3 Nc6 5. Nf3 Qb6 6. Be2 cxd4 7. cxd4 Nge7 8. Na3 Nf5 9. Nc2 Bb4+ 10. Kf1 Be7 11. h4 h5 12. g3 Bd7 13. Kg2 f6 14. Bf4 O-O-O 15. b4 Rdg8 16. a4 g5 17. a5 Qd8 18. hxg5 fxg5 19. Bd2 Qf8 20. b5 Nd8 21. a6 b6 22. Rc1 Kb8 23. Ne3 h4 24. Qc2 Bc5 25. Nxf5 exf5 26. dxc5 bxc5 27. Qxc5 Qxc5 28. Rxc5 Be6 29. Bxg5 hxg3 30. Rxh8 Rxh8 31. fxg3 Nf7 32. Bf6 Rc8 33. Rxc8+ Kxc8 34. Nd4 Kd7 35. Nxe6 Kxe6 36. b6 axb6 37. a7 1-0


[Site "https://www.chess.com"]